 Dungeon Crawl Stone Soup version 0.27-a0-394-g49c82dfaf2 (console) character file.

Game seed: 15256828795747168259

660586 jejorda2 the Hoplite (level 27, -21/225 HPs)
             Began as a Hill Orc Berserker on Feb 19, 2021.
             Was a High Priest of Trog.
             Demolished by an Orb Guardian (25 damage)
             ... on level 5 of the Realm of Zot on Feb 20, 2021.
             The game lasted 05:45:10 (87197 turns).

jejorda2 the Hoplite (Hill Orc Berserker)          Turns: 87197, Time: 05:45:11

Health: -21/225    AC: 30    Str: 30    XL:     27
Magic:  5/23       EV: 10    Int:  5    God:    Trog [*****.]
Gold:   3677       SH:  0    Dex: 17    Spells: 26/26 levels left

rFire    + + .     SeeInvis +   a - +9 broad axe "Anlu" {speed, +Blink}
rCold    + . .     Faith    .   o - +7 tower shield
rNeg     + . .     Spirit   .   N - +3 storm dragon scales
rPois    +         Reflect  .   T - +2 helmet
rElec    +         Harm     .   M - scarf {rC+ rF+}
rCorr    +         Rampage  .   k - +0 pair of gloves of Lek Eloch {+Inv rPois Regen+ Int+3}
Will     ++++.                  c - +2 pair of boots {Fly}
Stlth    ..........             f - macabre finger necklace {rN+}
HPRegen  2.47/turn              C - ring of see invisible
MPRegen  0.18/turn              u - ring "Lenaog" {rF+ rCorr Int-5 Dex+2}
                                B - +4 ring of slaying

@: about to teleport, flying, held, regenerating, hasted and slowed
A: hooves 1, iridescent scales 1, agile 1, deformed body, frail 1, mutation
resistance 1, no potion heal 1
}: 4/15 runes: decaying, serpentine, slimy, silver
a: Stop Flying, Renounce Religion, Evoke Blink, Evoke Invisibility, Berserk,
Trog's Hand, Brothers in Arms


You were on level 5 of the Realm of Zot.
You worshipped Trog.
Trog was extremely pleased with you.
You visited 10 branches of the dungeon, and saw 54 of its levels.
You visited 1 bazaar.
You also visited: Gauntlet and Volcano.

You collected 9829 gold pieces.
You spent 6152 gold pieces at shops.

Inventory:

Hand Weapons
 a - the +9 broad axe "Anlu" (weapon) {speed, +Blink}
   (You acquired it on level 1 of the Snake Pit)

   Attacks with this weapon are significantly faster.
   It lets you blink.
 b - a +9 fustibalus of flaming
 q - the +5 demon whip "Spellbinder" {antimagic, Will+}
   (Trog gifted it to you on level 1 of the Depths)

   It reduces the magical energy of the wielder, and disrupts the spells and
   magical abilities of those hit.
   Natural abilities and divine invocations are not affected.
   It affects your willpower, your defense against some magical effects.
 w - a +9 vorpal eveningstar
Missiles
 y - 274 sling bullets
 A - 11 silver javelins
 J - 36 javelins (quivered)
 Y - 7 curare-tipped darts
Armour
 c - a +2 pair of boots of flying (worn)
 k - the +0 pair of gloves of Lek Eloch (worn) {+Inv rPois Regen+ Int+3}
   (You found it on level 5 of the Pits of Slime)

   It affects your intelligence (+3).
   It protects you from poison.
   It lets you turn invisible.
   It increases your rate of regeneration.
 o - a +7 tower shield (worn)
 M - a scarf of resistance (worn)
 N - +3 storm dragon scales (worn)
 T - a +2 helmet (worn)
Jewellery
 f - the macabre finger necklace (around neck) {rN+}
   (You bought it in a shop on level 5 of the Dungeon)

   [amulet of nothing]

   It enables you to equip an extra ring.
   It protects you from negative energy.
 u - the ring "Lenaog" (right hand) {rF+ rCorr Int-5 Dex+2}
   (You found it on level 3 of the Realm of Zot)

   [ring of resist corrosion]

   It affects your intelligence (-5).
   It affects your dexterity (+2).
   It protects you from fire.
   It provides partial protection from all sources of acid and corrosion.
 B - a +4 ring of slaying (on amulet)
 C - a ring of see invisible (left hand)
Wands
 i - a wand of digging (24)
 v - a wand of acid (26)
 x - a wand of charming (20)
 F - a wand of flame (120)
 G - a wand of random effects (8)
 H - a wand of iceblast (23)
 U - a wand of paralysis (41)
 W - a wand of mindburst (62)
 X - a wand of polymorph (23)
Scrolls
 d - 34 scrolls of identify
 e - 6 scrolls of fear
 h - 3 scrolls of silence
 l - 21 scrolls of teleportation
 n - a scroll of summoning
 r - 4 scrolls of blinking
 s - 2 scrolls of fog
 Q - a scroll of holy word
Potions
 g - 7 potions of haste
 j - a potion of ambrosia
 p - 19 potions of curing
 t - 5 potions of mutation
 z - 5 potions of resistance
 D - 11 potions of attraction
 E - 2 potions of might
 K - 14 potions of heal wounds
 L - 6 potions of invisibility
 R - 6 potions of magic
 S - 4 potions of cancellation
Miscellaneous
 O - a phial of floods
 P - a lightning rod (4/4)
 V - a condenser vane
 Z - a tin of tremorstones (2/2)


   Skills:
 + Level 21.4 Fighting
 - Level 14.7(18.0) Axes
 - Level 15.0(16.6) Maces & Flails
 - Level 14.0(16.0) Slings
 - Level 13.7(16.0) Throwing
 * Level 23.1 Armour
 + Level 15.7 Dodging
 - Level 4.0 Stealth
 - Level 25.0 Shields
 + Level 14.9 Evocations


You had 26 spell levels left.
You didn't know any spells.
Your spell library was empty.

Dungeon Overview and Level Annotations

Branches:
Dungeon (15/15)            Temple (0/1) D:6            Lair (6/6) D:9
  Swamp (4/4) Lair:4        Snake (4/4) Lair:2        Slime (5/5) Lair:6
    Orc (2/2) D:11            Elf (3/3) Orc:2        Vaults (5/5) D:14
  Crypt (0/3) Vaults:2     Depths (5/5) D:15            Zot (5/5) Depths:5
Volcano (visited)         Gauntlet (visited)

Altars:
Ashenzari
Cheibriados
Dithmenos
Elyvilon
Fedhas
Kikubaaqudgha
Makhleb
Nemelex Xobeh
Okawaru
Qazlal
Sif Muna
Uskayaw
Vehumet
Xom
Yredelemnul
Zin
The Shining One
Jiyva

Shops:
D:5 =[   D:14 *   Orc:2 (::*?   Snake:2 (=?   Vaults:1 [   Vaults:2 :?::
Vaults:3 [   Vaults:4 :[=   Depths:1 *   Depths:2 (*

Portals:
Hell: Depths:1 Depths:2 Depths:3 Depths:4 Depths:5
Abyss: Depths:4 Depths:5
Pandemonium: Depths:1 Depths:3
Ziggurat: Depths:1
Trove: Vaults:4 (show abyssal rune of Zot)

Annotations:
Lair:5 1 runed translucent door, Kuris's ghost, journeyman DsCK
Orc:1 exclusion: door
Zot:5 exclusions: orange crystal statue and 1 more exclusion


Innate Abilities, Weirdness & Mutations

You have large cloven feet.
You are partially covered in iridescent scales. (AC +2)
You are agile. (Dex +2)
Armour fits poorly on your strangely shaped body.
You are frail. (-10% HP)
You are somewhat resistant to further mutation.
Potions are less effective at restoring your health.


Message History

The Orb Guardian hits you but does no damage.
The ancient lich touches you.
* * * LOW HITPOINT WARNING * * *
Unknown command.
Unknown command.
You struggle against the net.
You are engulfed in blazing flames.
You resist.
* * * LOW HITPOINT WARNING * * *
The death cob hits you!
* * * LOW HITPOINT WARNING * * *
The death cob drains your vigour!
You feel as though you will be slow longer.
The Orb Guardian barely misses you.
The death cob hits you but does no damage.
The ancient lich touches you but does no damage.
The Orb Guardian hits you but does no damage.
An Orb Guardian comes into view.
The yellow draconian throws acid at you.
The glob of acid hits you. You resist.
* * * LOW HITPOINT WARNING * * *
You are splashed with acid.
You resist.
* * * LOW HITPOINT WARNING * * *
Unknown command.
Unknown command.
You struggle against the net.
You are engulfed in blazing flames.
You resist.
* * * LOW HITPOINT WARNING * * *
The death cob hits you!
* * * LOW HITPOINT WARNING * * *
The death cob drains your vigour!
You feel as though you will be slow longer.
The electric golem blinks!
The death cob hits you.
* * * LOW HITPOINT WARNING * * *
The death cob drains your vigour!
You feel as though you will be slow longer.
The Orb Guardian hits you but does no damage.
The ancient lich touches you but does no damage.
You hear a loud "Zot"!
The electric golem blinks!
The death cob barely misses you.
The ancient lich touches you but does no damage.
The Orb Guardian hits you!!
You die...

#.............# #
#.............# #
#.............# #
################# ##
##.^............## #.
##^...............## *#
*#..................## #
*....^.^*X...........# #
*......d@q2§.........#
*......*Lzd..........# #
*.......XzX........$.# #
*..........X.8....^..# ##
*......§....^........###.
*#............$.....###..
##.......X.?.y....##....
##................^..##
##8...§##############


You could see 2 orbs of fire, an electric golem, an ancient lich (fast,
invisible), a yellow draconian (catching breath), a white draconian, a white
draconian shifter, 2 death cobs, 5 Orb Guardians, a lorocyproca (invisible) and
a moth of wrath.

Vanquished Creatures
  A dread lich (Vaults:5)
  Frederick (Vaults:4)
  Sojobo (Depths:1)
  Boris (thrice) (Vaults:4 Vaults:5 Depths:3)
  Saint Roka (Elf:3)
  2 curse toes
  10 golden dragons
  Nikola (Depths:1)
  A Tzitzimitl (Depths:4)
  2 electric golems (Zot:4)
  2 liches
  8 Orb Guardians (Zot:5)
  20 tentacled monstrosities
  Asterion (Depths:1)
  4 titans (Vaults:5)
  4 quicksilver dragons
  18 acid blobs
  4 deep elf blademasters
  2 deep elf master archers (Elf:3)
  A sphinx (Vaults:5)
  Gastronok (D:8)
  A thorn hunter (Swamp:4)
  17 storm dragons
  7 death cobs
  8 nagarajas
  15 tengu reavers
  11 shadow dragons
  3 draconian monks (Zot:1)
  The ghost of HilariousDeathArtist the Warrior, a journeyman DgAr (Snake:2)
  A draconian scorcher (Zot:4)
  2 iron dragons (Vaults:5)
  7 azure jellies
  An orc warlord (Orc:1)
  14 fire giants
  14 frost giants
  16 vault wardens
  2 deep elf elementalists
  2 ghost moths (Zot:4)
  An emperor scorpion (shapeshifter) (Depths:3)
  Aizul (Depths:1)
  8 deep elf sorcerers
  7 draconian annihilators
  3 draconian shifters
  4 draconian stormcallers
  4 war gargoyles
  3 juggernaut skeletons (Depths:2)
  27 very ugly things
  4 spriggan defenders
  18 ironheart preservers
  19 stone giants
  7 vampire knights
  2 deep elf demonologists
  6 green draconians
  Nessos (Lair:6)
  8 red draconians
  13 black draconians
  4 bunyips
  A minotaur (Gauntlet)
  6 purple draconians
  3 yellow draconians
  A dire elephant (D:15)
  3 spark wasps (Depths:4)
  10 white draconians
  10 deep elf annihilators
  An ettin (shapeshifter) (Depths:4)
  A blizzard demon (Depths:3)
  12 fire dragons
  10 ettins
  5 death oozes
  2 shambling mangroves (Swamp:4)
  A crystal guardian (Vaults:3)
  4 eleionomae
  6 deep elf death magi
  12 great orbs of eyes
  20 yaktaur captains
  2 deep elf high priests
  30 vault guards
  2 jiangshi (Depths:2)
  Fannar (Lair:3)
  16 ice dragons
  A hydra (shapeshifter) (D:14)
  18 hydras
  8 rakshasas
  A hell beast (Depths:3)
  10 naga warriors
  3 spriggan air magi
  7 boulder beetles
  A catoblepas (Depths:5)
  14 centaur warriors
  14 ogre magi
  A ghost crab (Swamp:2)
  41 two-headed ogres
  9 alligators
  2 death knights (Vaults:1)
  7 anacondas
  A two-headed ogre (shapeshifter) (Vaults:5)
  25 dancing weapons
  4 death yaks (Lair:5)
  6 orc high priests
  5 tengu warriors
  17 deep troll shamans
  A hell hog (Gauntlet)
  14 deep troll earth magi
  A vampire mage (Depths:2)
  Urug (Lair:2)
  6 shock serpents
  A spriggan berserker (Depths:3)
  2 soul eaters
  2 hell knights
  13 naga sharpshooters
  4 sun demons (Depths:3)
  A titan skeleton (Depths:2)
  A fire crab (shapeshifter) (D:14)
  22 deep elf knights
  16 skeletal warriors
  2 salamander mystics
  4 shadow wraiths
  5 goliath frogs
  5 iron trolls
  3 glowing orange brains
  4 unseen horrors
  2 bog bodies
  4 spriggan druids
  5 swamp dragons
  19 deep elf archers
  59 deep trolls
  8 naga ritualists
  A shadow dragon zombie (Vaults:3)
  An obsidian statue (Depths:3)
  3 shadow demons (Depths:4)
  A golden dragon skeleton (Depths:2)
  Pikel (D:4)
  2 flayed ghosts
  7 wizards
  4 phantasmal warriors
  3 spectral hydras (Swamp:4)
  16 ironbrand convokers
  12 orc knights
  A sphinx zombie (Vaults:5)
  An orb spider (shapeshifter) (Vaults:4)
  3 shining eyes
  3 necromancers
  27 deep elf zephyrmancers
  53 ugly things
  7 will-o-the-wisps
  6 oklob plants
  2 wolf spider zombies
  A tengu skeleton (Depths:2)
  34 deep elf pyromancers
  3 sphinx skeletons (Depths:2)
  7 cyclopes
  2 orc sorcerers (Orc:1)
  3 wolf spiders
  A fire giant zombie (Vaults:3)
  A shadow dragon skeleton (Depths:2)
  7 mana vipers
  9 salamanders
  A fire giant skeleton (Depths:2)
  3 manticores
  2 black mambas (shapeshifter)
  37 black mambas
  4 guardian serpents (Snake:1)
  9 elephants
  12 vault sentinels
  An eye of devastation (Slime:5)
  An ice statue (Gauntlet)
  16 naga magi
  5 frost giant skeletons
  26 moths of wrath
  A water nymph (shapeshifter) (Depths:3)
  A smoke demon (Depths:3)
  Maggie (D:9)
  16 cane toads
  2 molten gargoyles
  An orange demon (Depths:3)
  3 centaur skeletons
  A gargoyle (D:10)
  3 rime drakes
  7 komodo dragons
  A spectral salamander (Snake:2)
  13 freezing wraiths
  65 yaktaurs
  An efreet (D:13)
  A harpy zombie (D:15)
  2 tengu conjurers
  A hellwing (Depths:2)
  A kobold demonologist (D:14)
  A queen bee (shapeshifter) (Vaults:5)
  3 red devils
  2 hydra zombies (Swamp:4)
  A bloated husk (Swamp:1)
  8 trolls
  3 ice devils (Depths:3)
  A hornet (shapeshifter) (Vaults:3)
  A jumping spider (shapeshifter) (D:14)
  A spectral naga (Snake:2)
  A tengu simulacrum (Vaults:4)
  6 death drake zombies (Swamp:4)
  A meliai (shapeshifter) (Vaults:4)
  6 tyrant leeches
  9 polar bears
  Prince Ribbit (D:7)
  A death drake skeleton (Swamp:4)
  25 hornets
  3 dream sheep
  15 blink frogs
  63 slime creatures
  A shock serpent simulacrum (Snake:2)
  A spectral black mamba (Snake:2)
  Sigmund (D:3)
  A redback (shapeshifter) (Vaults:5)
  10 flying skulls (Depths:2)
  6 spriggan skeletons (Depths:2)
  2 air elementals
  2 ettin skeletons (Depths:2)
  10 shadows
  32 spriggans
  2 humans (shapeshifter)
  3 yaks (shapeshifter)
  A vampire (D:15)
  2 fire elementals
  3 water elementals
  A chaos spawn (Depths:3)
  8 wyverns
  36 yaks
  8 fire bats
  4 golden eyes (Slime:4)
  A golden eye (shapeshifter) (Depths:1)
  3 basilisks
  5 vampire mosquitoes
  A human simulacrum (Vaults:1)
  7 wargs
  A soldier ant (D:13)
  5 acid dragons
  14 swamp worms
  2 hell hounds (Gauntlet)
  33 nagas
  13 water moccasins
  3 hydra simulacra (Swamp:4)
  3 human skeletons
  43 orc warriors
  A black bear (shapeshifter) (Vaults:2)
  4 ice beasts
  A deep troll skeleton (Vaults:5)
  An ice beast (shapeshifter) (Vaults:1)
  2 black mamba simulacra (Snake:2)
  8 eyes of draining
  5 sky beasts
  2 swamp dragon zombies (Swamp:4)
  5 swamp drakes
  10 black bears
  A necrophage (D:12)
  13 boggarts
  44 ogres
  32 wolves
  36 centaurs
  A swamp dragon skeleton (Swamp:4)
  A phantom (D:9)
  3 lemures (D:4)
  A bullfrog (shapeshifter) (Depths:3)
  A kobold brigand (D:12)
  20 bullfrogs
  Blork the orc (D:6)
  2 wyvern skeletons
  4 scorpions
  22 wights
  3 howler monkeys
  2 electric eels
  9 crimson imps (Depths:3)
  2 bullfrog zombies
  2 centaur zombies
  A quasit (D:10)
  3 jellies
  8 lava snakes (Volcano)
  30 orc priests
  2 bullfrog skeletons (D:12)
  A gnoll shaman (D:7)
  11 hounds
  4 iguanas
  13 worker ants
  29 orc wizards
  A killer bee zombie (D:7)
  A worker ant zombie (D:6)
  8 gnolls
  A howler monkey skeleton (D:4)
  22 adders
  A naga simulacrum (Snake:2)
  2 shadow imps (Depths:3)
  7 white imps
  An ufetubus (D:7)
  4 oozes
  2 worms (D:2)
  A dart slug (D:1)
  3 leopard geckos
  83 orcs
  10 ball pythons
  4 bats
  3 giant cockroaches
  A giant cockroach (shapeshifter) (Vaults:4)
  11 goblins
  9 hobgoblins
  13 jackals
  5 quokkas
  4 frilled lizards
  10 kobolds
  9 rats
  A rat (shapeshifter) (Vaults:1)
  2 briar patches (Swamp:1)
2349 creatures vanquished.

Vanquished Creatures (collateral kills)
  the Royal Jelly (Slime:5)
  Mennas (Vaults:2)
  A deep elf blademaster (Elf:3)
  3 acid blobs
  A thorn hunter (Swamp:1)
  Donald (Swamp:4)
  3 azure jellies (Slime:5)
  A deep elf sorcerer (Elf:3)
  A very ugly thing (Depths:4)
  A stone giant (Vaults:5)
  2 deep elf demonologists (Elf:3)
  A red draconian (Volcano)
  A bunyip (Swamp:4)
  A deep elf annihilator (Elf:3)
  2 death oozes (Slime:5)
  A deep elf death mage (Elf:3)
  A great orb of eyes (Slime:5)
  A shambling mangrove (Swamp:4)
  A hydra (Swamp:4)
  2 deep troll earth magi (Depths:4)
  A hell knight (Depths:1)
  A deep elf archer (Elf:3)
  A spectral anaconda (Snake:2)
  2 swamp dragons (Swamp:4)
  3 deep trolls
  A phantasmal warrior (Vaults:5)
  A deep elf zephyrmancer (Vaults:1)
  2 shining eyes (Slime:5)
  3 ugly things
  A molten gargoyle (Volcano)
  3 yaktaurs (Vaults:2)
  A death drake zombie (Swamp:4)
  A hornet (Swamp:4)
  3 slime creatures
  A spriggan (Swamp:4)
  2 spectral nagas (Snake:2)
  3 swamp drakes (Swamp:4)
  A centaur (D:8)
  A wight (D:8)
  An orc priest (D:8)
  An orc wizard (D:8)
  A briar patch (Swamp:1)
62 creatures vanquished.

Vanquished Creatures (others)
  A deep elf knight (Elf:2)
  3 deep trolls (Depths:1)
  3 deep elf zephyrmancers
  A naga mage (Snake:4)
  2 bloated husks
  A sky beast (D:13)
  2 boggarts (Vaults:1)
  An ogre (Vaults:5)
  A worker ant (D:13)
  A jackal (D:7)
  A briar patch (Swamp:1)
  14 demonic plants (Gauntlet)
  42 foxfires
  11 fungi
  53 plants
137 creatures vanquished.

Grand Total: 2548 creatures vanquished

Notes
Turn   | Place    | Note
-------+----------+-------------------------------------------
     0 | D:1      | jejorda2 the Hill Orc Berserker began the quest for the
                  | Orb.
     0 | D:1      | Reached XP level 1. HP: 19/19 MP: 1/1
   142 | D:1      | Reached XP level 2. HP: 27/27 MP: 2/2
   576 | D:1      | Reached XP level 3. HP: 33/33 MP: 3/3
   944 | D:2      | Reached skill level 5 in Axes
  1106 | D:2      | Reached ** piety under Trog
  1392 | D:2      | Reached XP level 4. HP: 30/40 MP: 4/4
  1604 | D:2      | Noticed a sky beast
  1616 | D:2      | Killed a sky beast
  1617 | D:2      | Reached XP level 5. HP: 47/47 MP: 5/5
  1950 | D:2      | Found a blossoming altar of Fedhas.
  2147 | D:2      | Found a shadowy altar of Dithmenos.
  2577 | D:3      | Noticed Sigmund
  2588 | D:3      | Killed Sigmund
  2589 | D:3      | Reached skill level 5 in Fighting
  2589 | D:3      | Reached XP level 6. HP: 56/56 MP: 6/6
  2932 | D:3      | Reached XP level 7. HP: 61/61 MP: 7/7
  3486 | D:3      | Found a shimmering blue altar of Sif Muna.
  3546 | D:4      | Noticed Pikel
  3570 | D:4      | Killed Pikel
  3571 | D:4      | Reached XP level 8. HP: 20/73 MP: 8/8
  3844 | D:4      | Reached skill level 1 in Maces & Flails
  3968 | D:4      | Reached *** piety under Trog
  4182 | D:4      | Noticed a +0 hand axe
  4183 | D:4      | Noticed a +0 hand axe
  4195 | D:4      | Found a hide-covered altar of Uskayaw.
  4648 | D:5      | Entered Level 5 of the Dungeon
  4809 | D:5      | Found a snail-covered altar of Cheibriados.
  4876 | D:5      | Reached skill level 5 in Maces & Flails
  4951 | D:5      | Found Rocimobe's Jewellery Boutique.
  4960 | D:5      | Found Kiebin's Antique Armour Shop.
  4969 | D:5      | Bought a runed cloak for 195 gold pieces
  5312 | D:5      | Found a burning altar of Makhleb.
  5430 | D:5      | Reached XP level 9. HP: 58/79 MP: 9/9
  5949 | D:6      | Found a staircase to the Ecumenical Temple.
  5955 | D:6      | Noticed Blork the orc
  5968 | D:6      | Killed Blork the orc
  6575 | D:6      | Reached **** piety under Trog
  6789 | D:7      | Found a white marble altar of Elyvilon.
  6890 | D:7      | Reached skill level 10 in Maces & Flails
  7042 | D:7      | Noticed Prince Ribbit
  7319 | D:7      | Reached XP level 10. HP: 86/86 MP: 10/10
  7670 | D:7      | Killed Prince Ribbit
  7730 | D:7      | Found a white marble altar of Elyvilon.
  8240 | D:7      | Paralysed by a hornet for 3 turns
  8285 | D:8      | Noticed Gastronok
  8299 | D:8      | Reached skill level 1 in Evocations
  8313 | D:8      | Killed Gastronok
  8893 | D:9      | Found a staircase to the Lair.
  8972 | D:9      | Found an ancient bone altar of Kikubaaqudgha.
  8979 | D:9      | Found a broken altar of Ashenzari.
  8980 | D:9      | Noticed Maggie
  8990 | D:9      | Killed Maggie
  9034 | D:9      | Found an iron altar of Okawaru.
  9048 | D:9      | Reached XP level 11. HP: 79/95 MP: 11/11
  9127 | D:9      | Found a shimmering altar of Xom.
  9130 | D:9      | Found a hide-covered altar of Uskayaw.
  9130 | D:9      | Found a shimmering blue altar of Sif Muna.
  9132 | D:9      | Found a glowing silver altar of Zin.
  9132 | D:9      | Found a shimmering altar of Xom.
  9132 | D:9      | Found a broken altar of Ashenzari.
  9631 | D:10     | Entered Level 10 of the Dungeon
  9786 | D:10     | Found a radiant altar of Vehumet.
  9939 | D:10     | Reached skill level 5 in Evocations
 10342 | D:10     | Reached skill level 10 in Axes
 10352 | D:10     | Got a pitted rapier
 10352 | D:10     | Identified the +9 rapier "Roefogi" {freeze, rN+ Int+7} (You
                  | found it on level 10 of the Dungeon)
 10787 | Lair:1   | Entered Level 1 of the Lair of Beasts
 10853 | Lair:1   | You fall into a shaft and drop 1 floor!
 10868 | Lair:2   | Reached ***** piety under Trog
 10876 | Lair:2   | Reached skill level 10 in Fighting
 11187 | Lair:1   | Reached XP level 12. HP: 88/106 MP: 12/12
 11283 | Lair:1   | Reached skill level 10 in Armour
 12263 | Lair:2   | Found a staircase to the Snake Pit.
 12346 | Lair:2   | Noticed Urug
 12365 | Lair:2   | Killed Urug
 12731 | Lair:3   | Noticed Fannar
 12770 | Lair:3   | Killed Fannar
 12784 | Lair:3   | Noticed an eight-headed hydra
 12791 | Lair:3   | Killed an eight-headed hydra
 13154 | Lair:3   | Noticed a five-headed hydra
 13170 | Lair:3   | Killed a five-headed hydra
 13428 | Lair:3   | Received a gift from Trog
 13885 | Lair:4   | Found a dark tunnel.
 13906 | Volcano  | Entered a volcano
 13997 | Volcano  | Noticed a two-headed ogre
 14002 | Volcano  | Killed a two-headed ogre
 14003 | Volcano  | Reached XP level 13. HP: 115/119 MP: 13/13
 14011 | Volcano  | Found a radiant altar of Vehumet.
 14068 | Volcano  | Noticed a red draconian
 14088 | Volcano  | Killed a red draconian
 14480 | Lair:4   | Found a staircase to the Swamp.
 15544 | Lair:5   | Found a runed translucent door.
 15545 | Lair:5   | Noticed Kuris's ghost (journeyman DsCK)
 15844 | Lair:5   | Reached skill level 15 in Maces & Flails
 16503 | Lair:6   | Entered Level 6 of the Lair of Beasts
 16520 | Lair:6   | Reached XP level 14. HP: 84/129 MP: 14/14
 16527 | Lair:6   | Found a gate leading to a gauntlet.
 16539 | Lair:6   | Noticed Nessos
 16552 | Lair:6   | Killed Nessos
 16649 | Lair:6   | Found a staircase to the Slime Pits.
 16649 | Lair:6   | Found a viscous altar of Jiyva.
 16685 | Gauntlet | Entered a Gauntlet
 16685 | Gauntlet | Found a large runed translucent door.
 16685 | Gauntlet | Found a large runed translucent door.
 16685 | Gauntlet | Found a large runed translucent door.
 16685 | Gauntlet | Found a large runed translucent door.
 16685 | Gauntlet | Found a large runed translucent door.
 16685 | Gauntlet | Found a large runed translucent door.
 16685 | Gauntlet | Found a runed translucent door.
 16685 | Gauntlet | Found a transporter.
 16685 | Gauntlet | Found a transporter.
 16685 | Gauntlet | Found a runed translucent door.
 16685 | Gauntlet | Found a large runed translucent door.
 16685 | Gauntlet | Found a large runed translucent door.
 16685 | Gauntlet | Found a large runed translucent door.
 16685 | Gauntlet | Found a large runed translucent door.
 16685 | Gauntlet | Found a large runed translucent door.
 16685 | Gauntlet | Found a large runed translucent door.
 16694 | Gauntlet | Found a transporter.
 16694 | Gauntlet | Found a transporter.
 16703 | Gauntlet | Found a transporter.
 16727 | Gauntlet | Found a transporter.
 16732 | Gauntlet | Found a transporter.
 16732 | Gauntlet | Found a transporter.
 16736 | Gauntlet | Found a transporter.
 16763 | Gauntlet | Found a transporter.
 16770 | Gauntlet | Found a transporter.
 16783 | Gauntlet | Found a large runed translucent door.
 16784 | Gauntlet | Found a large runed translucent door.
 16786 | Gauntlet | Found a runed translucent gate.
 16787 | Gauntlet | Found a runed translucent gate.
 16788 | Gauntlet | Found a transporter.
 16788 | Gauntlet | Found a runed translucent gate.
 16806 | Gauntlet | Found a large runed translucent door.
 16807 | Gauntlet | Found a large runed translucent door.
 16833 | Gauntlet | Found a transporter.
 16855 | Gauntlet | Found a transporter.
 16950 | Gauntlet | Found a transporter.
 16966 | Gauntlet | Found a transporter.
 17147 | Gauntlet | Reached skill level 1 in Shields
 17195 | Gauntlet | Reached skill level 2 in Shields
 17533 | Lair:6   | Reached skill level 3 in Shields
 17669 | Lair:6   | Reached skill level 4 in Shields
 17758 | Lair:6   | Got a shimmering arbalest
 17879 | Lair:6   | Reached skill level 5 in Shields
 18149 | Lair:6   | Received a gift from Trog
 18150 | Lair:6   | Got a bone battleaxe {god gift}
 18161 | Lair:6   | Identified the +11 battleaxe of the Establishment
                  | {antimagic, +Blink rN+} (Trog gifted it to you on level 6
                  | of the Lair of Beasts)
 18556 | D:11     | Reached skill level 6 in Shields
 18802 | D:11     | Found a staircase to the Orcish Mines.
 19468 | D:12     | Reached XP level 15. HP: 108/139 MP: 15/15
 19810 | D:12     | Reached skill level 7 in Shields
 20330 | Orc:1    | Entered Level 1 of the Orcish Mines
 20431 | Orc:1    | Found a shimmering blue altar of Sif Muna.
 20532 | Orc:2    | Entered Level 2 of the Orcish Mines
 20556 | Orc:1    | Noticed an orc warlord
 20574 | Orc:1    | Killed an orc warlord
 20939 | Orc:1    | Reached ****** piety under Trog
 20992 | Orc:1    | Reached skill level 8 in Shields
 21108 | Orc:2    | Received a gift from Trog
 21190 | Orc:2    | Paralysed by a chaos spawn for 5 turns
 21335 | Orc:2    | Reached skill level 9 in Shields
 21521 | Orc:2    | Found Lunocrot's Antique Weapon Emporium.
 21585 | Orc:2    | Found a staircase to the Elven Halls.
 21644 | Orc:2    | Found Westrisch's Magic Scroll Emporium.
 21644 | Orc:2    | Found Cenosar's General Store.
 21645 | Orc:2    | Found Yrununon's Book Shoppe.
 21649 | Orc:2    | Found Cuwisch's Book Shoppe.
 22130 | D:13     | Reached skill level 10 in Shields
 22227 | D:13     | Received a gift from Trog
 22232 | D:13     | Found a gateway to a bazaar.
 22602 | Bazaar   | Entered a bazaar
 22602 | Bazaar   | Found Rowk's Assorted Antiques.
 22619 | Bazaar   | Found Bantiot's Jewellery Emporium.
 22633 | Bazaar   | Found Ego Ism's Antique Weapon Emporium.
 22655 | Bazaar   | Bought a ring of poison resistance for 380 gold pieces
 22655 | Bazaar   | Bought an amulet of faith for 760 gold pieces
 22680 | Bazaar   | Bought a potion of haste for 150 gold pieces
 22905 | D:14     | Reached skill level 11 in Shields
 22909 | D:14     | Found Yguanaif's Assorted Antiques.
 23196 | D:14     | Found a gate to the Vaults.
 23324 | D:14     | Found a sparkling altar of Nemelex Xobeh.
 23411 | D:14     | Found a glowing golden altar of the Shining One.
 23522 | D:14     | Found a huge runed translucent gate.
 23522 | D:14     | Found a huge runed translucent gate.
 23522 | D:14     | Found a huge runed translucent gate.
 23522 | D:14     | Found a huge runed translucent gate.
 23861 | D:14     | Reached skill level 12 in Shields
 23945 | D:15     | Entered Level 15 of the Dungeon
 23980 | D:15     | Received a gift from Trog
 24365 | D:15     | Reached skill level 13 in Shields
 24365 | D:15     | Reached XP level 16. HP: 137/147 MP: 16/16
 24711 | D:15     | Found a staircase to the Depths.
 25498 | Snake:1  | Entered Level 1 of the Snake Pit
 25581 | Snake:1  | Found a stormy altar of Qazlal.
 25873 | Snake:1  | Reached skill level 14 in Shields
 27438 | Snake:1  | Received a gift from Trog
 27811 | Snake:1  | Identified a scroll of acquirement
 27811 | Snake:1  | Acquired the +9 broad axe "Anlu" {speed, +Blink}
 28255 | Snake:2  | Reached skill level 15 in Armour
 28331 | Snake:2  | Found a runed translucent gate.
 28331 | Snake:2  | Found a runed translucent gate.
 28332 | Snake:2  | Found a runed translucent gate.
 28346 | Snake:2  | Noticed HilariousDeathArtist's ghost (journeyman DgAr)
 28382 | Snake:2  | Killed HilariousDeathArtist's ghost
 28404 | Snake:2  | Got a faintly glowing cloak
 28414 | Snake:2  | Identified the +0 cloak of Privacy {rPois rN++ Dex-4} (You
                  | found it on level 2 of the Snake Pit)
 28454 | Snake:2  | Found Joabb's Antique Weapon Shop.
 28458 | Snake:2  | Found Quasupef's Jewellery Boutique.
 28459 | Snake:2  | Found Geocsap's Magic Scroll Shop.
 29043 | Snake:2  | Reached skill level 15 in Shields
 29430 | Snake:2  | Upgraded the game from 0.27-a0-385-g3208abaabc to
                  | 0.27-a0-394-g49c82dfaf2
 30214 | Snake:3  | Received a gift from Trog
 30215 | Snake:3  | Got an encrusted demon whip {god gift}
 30216 | Snake:3  | Identified the +3 demon whip "Oxzal" {flame, rN++ Will+
                  | Int-5} (Trog gifted it to you on level 3 of the Snake Pit)
 30350 | Snake:3  | Reached XP level 17. HP: 154/154 MP: 17/17
 31080 | Snake:4  | Entered Level 4 of the Snake Pit
 31089 | Snake:4  | Found a snail-covered altar of Cheibriados.
 31450 | Snake:3  | Reached skill level 15 in Fighting
 32908 | Snake:4  | Received a gift from Trog
 33257 | Snake:4  | Reached skill level 5 in Dodging
 34203 | Snake:4  | Got a serpentine rune of Zot
 34795 | D:5      | Bought a ring of flight for 210 gold pieces
 34976 | Swamp:1  | Entered Level 1 of the Swamp
 35074 | Swamp:1  | Received a gift from Trog
 35565 | Swamp:1  | Reached skill level 16 in Shields
 35683 | Swamp:1  | Reached XP level 18. HP: 118/163 MP: 16/18
 35920 | Swamp:1  | Acquired a manual of Dodging
 36222 | Swamp:1  | Acquired 1338 gold pieces
 36443 | Orc:2    | Bought a manual of Slings for 1545 gold pieces
 37229 | Orc:2    | Bought 17 sling bullets for 144 gold pieces
 38002 | Swamp:2  | Reached skill level 1 in Slings
 38971 | Swamp:3  | Received a gift from Trog
 38998 | Swamp:3  | Reached skill level 5 in Slings
 40012 | Swamp:3  | Noticed a tentacled monstrosity
 40041 | Swamp:3  | Killed a tentacled monstrosity
 40348 | D:5      | Bought a glowing plate armour for 676 gold pieces
 40656 | Swamp:4  | Entered Level 4 of the Swamp
 40896 | Swamp:4  | Noticed Donald
 40911 | Swamp:4  | Killed Donald
 41432 | Swamp:4  | Received a gift from Trog
 41712 | Swamp:4  | Reached skill level 10 in Slings
 42241 | Swamp:4  | Found a blossoming altar of Fedhas.
 42616 | Swamp:4  | Found a basalt altar of Yredelemnul.
 42629 | Swamp:4  | Got a decaying rune of Zot
 42664 | Swamp:4  | Reached skill level 10 in Dodging
 43363 | Vaults:1 | Entered Level 1 of the Vaults
 43384 | Vaults:1 | Reached XP level 19. HP: 170/170 MP: 19/19
 44158 | Vaults:1 | Received a gift from Trog
 44404 | Vaults:1 | Found Balauru's Antique Armour Emporium.
 45112 | Vaults:1 | Received a gift from Trog
 46098 | Vaults:2 | Noticed Mennas
 46118 | Vaults:2 | Killed Mennas
 46119 | Vaults:2 | Reached XP level 20. HP: 152/178 MP: 20/20
 46297 | Vaults:2 | Found Lamiponn's Book Shop.
 46647 | Vaults:2 | Found Vangoasy's Magic Scroll Emporium.
 46664 | Vaults:2 | Found Kacwam's Book Shop.
 46821 | Vaults:2 | Received a gift from Trog
 47285 | Vaults:2 | Found Oschadwo's Book Shoppe.
 47576 | Vaults:2 | Found a staircase to the Crypt.
 47576 | Vaults:2 | Found an ancient bone altar of Kikubaaqudgha.
 47576 | Vaults:2 | Found a basalt altar of Yredelemnul.
 48295 | Vaults:3 | Received a gift from Trog
 49593 | Vaults:3 | Found Gotad's Antique Armour Shop.
 49631 | Vaults:3 | Bought a runed hat for 196 gold pieces
 50079 | Vaults:3 | Reached skill level 17 in Shields
 50109 | Vaults:3 | Paralysed by an ogre mage for 7 turns
 50755 | Vaults:4 | Found a portal to a secret trove of treasure.
 50793 | Vaults:4 | Received a gift from Trog
 51097 | Vaults:4 | Noticed Boris
 51131 | Vaults:4 | Killed Boris
 51132 | Vaults:4 | Reached XP level 21. HP: 185/189 MP: 7/21
 51263 | Vaults:4 | Found Fupoub's Book Boutique.
 51973 | Vaults:4 | Received a gift from Trog
 52114 | Vaults:4 | Noticed Frederick
 52150 | Vaults:4 | Killed Frederick
 52158 | Vaults:4 | Found Juripnes's Jewellery Emporium.
 52751 | Vaults:4 | Found Boafil's Antique Armour Emporium.
 52761 | Vaults:4 | Bought a glowing scarf for 216 gold pieces
 53771 | Vaults:4 | Identified the +11 chain mail of Makhleb's Wrath {rF+} (You
                  | found it on level 4 of the Vaults)
 54590 | Elf:1    | Entered Level 1 of the Elven Halls
 54730 | Elf:1    | Reached skill level 1 in Throwing
 54933 | Elf:1    | Found an ancient bone altar of Kikubaaqudgha.
 55091 | Elf:1    | Received a gift from Trog
 55357 | Elf:1    | Reached skill level 5 in Throwing
 56392 | Elf:2    | Received a gift from Trog
 56415 | Elf:2    | Got a crystal hand axe {god gift}
 56415 | Elf:2    | Identified the +9 hand axe "Cytoenwa" {vorpal, Str+3 Dex+2}
                  | (Trog gifted it to you on level 2 of the Elven Halls)
 56616 | Elf:2    | Found a huge runed translucent gate.
 56616 | Elf:2    | Found a huge runed translucent gate.
 56616 | Elf:2    | Found a huge runed translucent gate.
 56617 | Elf:2    | Found a huge runed translucent gate.
 56619 | Elf:2    | Found a huge runed translucent gate.
 57412 | Elf:2    | Reached XP level 22. HP: 168/200 MP: 22/22
 57540 | Elf:2    | Received a gift from Trog
 57752 | Elf:3    | Entered Level 3 of the Elven Halls
 57848 | Elf:3    | Noticed Saint Roka
 57874 | Elf:3    | Killed Saint Roka
 58981 | Elf:3    | Identified the ring of Vus Arem {+Blink rCorr Int+3}
 59037 | Elf:3    | Identified the +12 halberd "Zasiurec" {vorpal, rPois rC+
                  | Int-3 SInv}
 59037 | Elf:3    | Identified the +6 long sword of the Dragonfly {antimagic,
                  | rPois rN+ Stlth-}
 59069 | Elf:3    | Reached skill level 10 in Throwing
 59127 | Elf:3    | Identified Iguexaq's Disquisition on Damaging Malediction
 59268 | Elf:3    | Identified Cugie's Catalogue of Igneous Summoning
 59393 | Elf:3    | Received a gift from Trog
 60054 | D:5      | Bought the macabre finger necklace {rN+} for 480 gold
                  | pieces
 60054 | D:5      | Found the macabre finger necklace {rN+}
 60551 | Vaults:4 | Bought the ring of Noxkeuqeur {Ice rElec Str+4} for 900
                  | gold pieces
 60723 | Vaults:5 | Entered Level 5 of the Vaults
 61459 | Vaults:5 | Identified the ring of Diptus {rPois Will+ Str+10 Int-3}
 61496 | Vaults:5 | Reached XP level 23. HP: 154/206 MP: 23/23
 61555 | Vaults:5 | Noticed Boris
 61560 | Vaults:5 | Reached skill level 18 in Shields
 61619 | Vaults:5 | Killed Boris
 62157 | Vaults:5 | Noticed a dread lich
 62187 | Vaults:5 | Killed a dread lich
 62193 | Vaults:5 | Reached skill level 10 in Evocations
 62711 | Vaults:5 | Received a gift from Trog
 63478 | Vaults:5 | Identified the +6 falchion of Causality {venom, rPois}
 63478 | Vaults:5 | Identified the +0 robe of Grace {rCorr Str+3}
 63478 | Vaults:5 | Identified the amulet of the Castellan {Acrobat +Blink +Fly
                  | Str-3 Int+4}
 63490 | Vaults:5 | Reached XP level 24. HP: 170/213 MP: 23/23
 64420 | Vaults:5 | Got a silver rune of Zot
 64719 | Depths:1 | Entered Level 1 of the Depths
 64749 | Depths:1 | Found a one-way gate leading to the halls of Pandemonium.
 64760 | Depths:1 | Noticed Asterion
 64766 | Depths:1 | Received a gift from Trog
 64767 | Depths:1 | Found the +5 demon whip "Spellbinder" {antimagic, Will+}
 64784 | Depths:1 | Killed Asterion
 64886 | Depths:1 | Found a white marble altar of Elyvilon.
 64886 | Depths:1 | Found Navenav's Hallowed Reliquary.
 64891 | Depths:1 | Bought a potion of heal wounds for 60 gold pieces
 64891 | Depths:1 | Bought a potion of heal wounds for 60 gold pieces
 64891 | Depths:1 | Bought a potion of heal wounds for 60 gold pieces
 64891 | Depths:1 | Bought a potion of heal wounds for 60 gold pieces
 64891 | Depths:1 | Bought a potion of heal wounds for 60 gold pieces
 65054 | Depths:1 | Noticed Aizul
 65073 | Depths:1 | Killed Aizul
 65260 | Depths:1 | Found a gateway to a ziggurat.
 65357 | Depths:1 | Noticed Sojobo
 65389 | Depths:1 | Killed Sojobo
 65390 | Depths:1 | Reached skill level 19 in Shields
 66133 | Depths:1 | Noticed Nikola
 66142 | Depths:1 | Found a gateway to Hell.
 66175 | Depths:1 | Killed Nikola
 66574 | Depths:2 | Received a gift from Trog
 66583 | Depths:2 | Found Xumu's Antique Weapon Shoppe.
 66754 | Depths:2 | Found Zeucku's Sacrilege Store.
 66979 | Depths:2 | Found an ancient bone altar of Kikubaaqudgha.
 67602 | Depths:2 | Reached XP level 25. HP: 203/227 MP: 23/23
 68666 | Depths:3 | Reached skill level 20 in Shields
 68792 | Depths:3 | Identified the +3 hand axe of Kupsuil {antimagic, *Slow
                  | rC++ Int+6}
 68792 | Depths:3 | Noticed Boris
 69366 | Depths:3 | Killed Boris
 69620 | Depths:3 | Received a gift from Trog
 69640 | Depths:3 | Reached skill level 21 in Shields
 70008 | Depths:3 | Identified the +1 plate armour of Prudence {Will+}
 70275 | Depths:3 | Reached skill level 22 in Shields
 71170 | Depths:4 | Received a gift from Trog
 71665 | Depths:4 | Reached XP level 26. HP: 184/236 MP: 23/23
 71805 | Depths:4 | Found the ring of Shadows {Umbra +Inv Stlth+}
 71817 | Depths:4 | Found a shadowy altar of Dithmenos.
 71835 | Depths:4 | Reached skill level 23 in Shields
 71842 | Depths:4 | You are sucked into a shaft and drop 1 floor!
 71842 | Depths:5 | Entered Level 5 of the Depths
 71875 | Depths:5 | Received a gift from Trog
 72355 | Depths:4 | Identified the +5 shadow dragon scales of Hadofrud {rPois
                  | rF+ Regen+ Str-4 Stlth++++} (You found it on level 4 of the
                  | Depths)
 73099 | Depths:4 | Reached skill level 24 in Shields
 73131 | Depths:4 | Received a gift from Trog
 73590 | Depths:4 | Found a one-way gate to the infinite horrors of the Abyss.
 74135 | Depths:5 | Reached skill level 1 in Stealth
 74550 | Depths:5 | Identified the ring "Quinohopp" {Str+3 Dex+6}
 74887 | Depths:5 | Reached skill level 25 in Shields
 75183 | Depths:5 | Identified the +3 chain mail "Uklugo Impa" {+Blink rC+}
                  | (You found it on level 5 of the Depths)
 75545 | Depths:5 | Found a gate to the Realm of Zot.
 75546 | Depths:5 | Found a stormy altar of Qazlal.
 76067 | Slime:1  | Entered Level 1 of the Pits of Slime
 76085 | Slime:1  | Gained mutation: Potions are less effective at restoring
                  | your health. [a shining eye]
 76098 | Slime:1  | Gained mutation: Armour fits poorly on your strangely
                  | shaped body. [a shining eye]
 76135 | Lair:6   | Lost mutation: Armour fits poorly on your strangely shaped
                  | body. [potion of mutation]
 76135 | Lair:6   | Lost mutation: Potions are less effective at restoring your
                  | health. [potion of mutation]
 76135 | Lair:6   | Gained mutation: You are weak. (Str -2) [potion of
                  | mutation]
 76135 | Lair:6   | Gained mutation: You are partially covered in iridescent
                  | scales. (AC +2) [potion of mutation]
 76413 | Slime:3  | Reached XP level 27. HP: 236/244 MP: 23/23
 76582 | Slime:2  | Received a gift from Trog
 76799 | Slime:5  | Entered Level 5 of the Pits of Slime
 76971 | Slime:5  | Gained mutation: You are dopey. (Int -2) [a shining eye]
 76974 | Slime:5  | Gained mutation: Your magical capacity is low. (-10% MP) [a
                  | shining eye]
 77532 | Slime:5  | Found a viscous altar of Jiyva.
 77532 | Slime:5  | Noticed the Royal Jelly
 77588 | Slime:5  | Killed the Royal Jelly
 77621 | Slime:5  | Identified Hoevviup's Almanac of Lightness
 77623 | Slime:5  | Got a slimy rune of Zot
 77678 | Slime:5  | Got a pair of distressingly furry gloves
 77688 | Slime:5  | Identified the +0 pair of gloves of Lek Eloch {+Inv rPois
                  | Regen+ Int+3} (You found it on level 5 of the Pits of
                  | Slime)
 78315 | Zot:1    | Entered Level 1 of the Realm of Zot
 79131 | Zot:1    | Received a gift from Trog
 82896 | Zot:3    | Reached skill level 15 in Dodging
 83225 | Zot:3    | Received a gift from Trog
 83592 | Zot:3    | Got a scintillating golden ring
 83593 | Zot:3    | Identified the ring "Lenaog" {rF+ rCorr Int-5 Dex+2} (You
                  | found it on level 3 of the Realm of Zot)
 84920 | Zot:3    | Lost mutation: Your magical capacity is low. (-10% MP)
                  | [potion of mutation]
 84920 | Zot:3    | Lost mutation: You are weak. (Str -2) [potion of mutation]
 84920 | Zot:3    | Lost mutation: You are dopey. (Int -2) [potion of mutation]
 84920 | Zot:3    | Gained mutation: You are agile. (Dex +2) [potion of
                  | mutation]
 84920 | Zot:3    | Gained mutation: You have large cloven feet. [potion of
                  | mutation]
 84920 | Zot:3    | Gained mutation: You are somewhat resistant to further
                  | mutation. [potion of mutation]
 85736 | Zot:4    | Received a gift from Trog
 86472 | Zot:5    | Entered Level 5 of the Realm of Zot
 87155 | Zot:5    | Noticed an orb of fire
 87164 | Zot:5    | Noticed an orb of fire
 87167 | Zot:5    | Gained mutation: Potions are less effective at restoring
                  | your health. [an orb of fire]
 87177 | Zot:5    | Noticed an ancient lich
 87179 | Zot:5    | Paralysed by a Zot trap for 3 turns
 87189 | Zot:5    | Noticed an orb of fire
 87190 | Zot:5    | Gained mutation: You are frail. (-10% HP) [an orb of fire]
 87193 | Zot:5    | Gained mutation: Armour fits poorly on your strangely
                  | shaped body. [an orb of fire]
 87197 | Zot:5    | HP: 7/225 [death cob (8)]
 87197 | Zot:5    | Demolished by an Orb Guardian

Illustrated notes

Levels and vault maps discovered:
D:1:      dpeg_arrival_simpleton_a, layout_basic, minmay_misc_feat_secret_circle
D:2:      layout_loops_cross, fedhas_altar_2, lemuel_crystal_altar,
          minmay_misc_feat_room
D:3:      minmay_bubble_buster, layout_loops_ring, marbit_many_paths,
          uniq_sigmund
D:4:      layout_loops_ring, dancing_weapons_uskayaw, uniq_pikel
D:5:      layout_loops_corners, lemuel_crystal_altar, overflow_temple_1_default,
          serial_shops, nicolae_shop_stone, shop
D:6:      layout_gridville, minmay_temple_entry_slanted, uniq_blork_the_orc
D:7:      layout_basic, elyvilon_altar_4, uniq_prince_ribbit1
D:8:      layout_cave_pools, uniq_gastronok
D:9:      layout_basic, kennysheep_mini_moat, doesnt_xom_only_xom,
          grunt_temple_overflow_open, lair_entry_dummy, uniq_maggie
D:10:     minmay_razor_zed, layout_long_grid, basic_altar
D:11:     layout_irregular_city, orc_0_dummy
D:12:     wad_river_or_something, layout_stronghold
D:13:     layout_basic, serial_shops, freezing_bzr
D:14:     lemuel_bear_cage, layout_long_grid, david_vaults_2, serial_shops,
          shop, tso_metal_star, basic_altar, minmay_strange_pillars
D:15:     hangedman_depths_entry_try_elsewhere_first, layout_basic,
          hangedman_decor_peaks_small
Lair:1:   layout_gridlike
Lair:2:   layout_cave_pods, guppyfry_snake_entry_garden, grunt_megastairs_5,
          minmay_lair_oklob_chamber, uniq_urug
Lair:3:   layout_small_grid, lemuel_fruit_fields, grunt_megastairs_1,
          serial_bayou_shore_b, serial_bayou_shore_a, uniq_fannar
Lair:4:   layout_hall_layers, swamp_mist_pool, enter_volcano_1, minivault_27
Lair:5:   layout_regular_city, hellmonk_ghost_happy_afterlife,
          grunt_forest_stairs_clearing, lemuel_fruit_fields
Lair:6:   minmay_lair_end_enchanted_forest, layout_cave_shapes, slime_altar_1,
          gauntlet_entry_generic, uniq_nessos
Swamp:1:  layout_basic_swamp, evilmike_swamp_ruin_house_1, swamp_pool2,
          st_swamp_mini
Swamp:2:  layout_basic_swamp, wheals_swamp_sinkhole, swamp_pool1
Swamp:3:  cheibrodos_swamp_monstrosity, layout_basic_swamp, hangedman_swamp_pad,
          swamp_pool5
Swamp:4:  byrel_swamp_growth_death_and_undeath, layout_basic_swamp, uniq_donald
Snake:1:  layout_misc_corridors, basic_altar, hangedman_snake_corridor_cut
Snake:2:  layout_cave_town, gammafunk_ghost_necromancy, minmay_shop_star
Snake:3:  nicolae_snake_nest, layout_cave_pods
Snake:4:  snake_pit, layout_misc_corridors, lemuel_oklob_altar
Slime:1:  layout_caves
Slime:2:  layout_caves
Slime:3:  layout_caves, basic_altar
Slime:4:  layout_caves
Slime:5
Orc:1:    layout_diamond_mine, led_sif_book
Orc:2:    st_orc_mages, layout_caves, serial_shops, nicolae_shop_trees
Elf:1:    eino_elf_arrival_shootout, layout_loops_ring, basic_altar,
          minivault_28, roderic_roman_lattice
Elf:2:    layout_loops_cross
Elf:3:    minmay_elf_hall, layout_gridlike, minmay_strange_pillars,
          uniq_saint_roka
Vaults:1: grunt_vaults_twisty, hangedman_vaults_hat, v_alt_pattern_4,
          ontoclasm_vaults_ligature, nicolae_vaults_asterisk,
          grunt_vaults_swirl, v_misc_19, nicolae_vaults_an_arrangement,
          vaults_room_large_hall, v_misc_5, v_alt_pattern_4,
          layout_vaults_maze_snakey, serial_shops, shop_fountains
Vaults:2: minmay_crypt_entry_necro_gods, vaults_dpeg_diagonal,
          nicolae_vaults_what_the_h, v_misc_15, grunt_vaults_trifunnel,
          vaults_dpeg_hooks, vaults_room_octagon,
          hangedman_vaults_stretched_pinwheel, vaults_room_semicircle,
          layout_vaults_big_room, serial_shops, nicolae_shop_crystal, shop,
          nicolae_shop_competitors_out_of_business,
          nicolae_shop_window_shopping, uniq_mennas
Vaults:3: ontoclasm_vaults_pinch, vaults_mumra_chevron, hangedman_vaults_snaps,
          ontoclasm_vaults_claustrophobia, nicolae_vaults_network_periphery,
          vaults_room_ringed_pool, nicolae_vaults_little_ls, vaults_room_grid,
          v_misc_32, st_more_cells, vaults_room_pools,
          vaults_room_stairs_pillars, layout_vaults_omnibox, serial_shops, shop
Vaults:4: vaults_mumra_hex, nicolae_vaults_ninety_degrees,
          nicolae_vaults_mini_display_case, ontoclasm_vaults_shuriken,
          nicolae_vaults_know_your_exits, nicolae_vaults_little_squares_1,
          vaults_room_semicircle, serial_ice_h, v_pattern_4,
          hangedman_vaults_slither, nicolae_vaults_theta,
          hangedman_vaults_corner_blocks, ontoclasm_vaults_twist,
          layout_vaults_omnicross, nicolae_trove_entry_diagonal, serial_shops,
          shop_coins, shop_fountains, shop, uniq_boris, uniq_frederick
Vaults:5: serial_shops
Depths:1: grunt_bruiser_brothers, layout_gridlike, enter_ziggurat_c,
          hangedman_decor_clover_reticule, hell_entry, pan_entry,
          nicolae_good_shop, uniq_nikola, uniq_sojobo, uniq_asterion, uniq_aizul
Depths:2: minmay_skeleton_keep, layout_cave_shapes, hellmouth_1, serial_shops,
          nicolae_shop_crystal, serial_rivers, chequers_serial_rivers_large_b,
          chequers_serial_rivers_room_b, chequers_serial_rivers_small_3,
          chequers_serial_rivers_micro_a, chequers_serial_rivers_large_a,
          chequers_serial_rivers_micro_c, nicolae_evil_shop
Depths:3: cheibrodos_spurs, layout_basic, grunt_hell_entry_demonic_statue,
          rand_demon_pan_entry_7, minmay_misc_feat_rows,
          minmay_misc_feat_hallway, chequers_jeans
Depths:4: regret_index_dithmenos_brocken_genspenst, layout_cave_pools,
          abyss_entry_small_statue_room, kennysheep_path_1, hell_entry,
          minmay_staircase_windowed_small, uniq_margery
Depths:5: regret_index_qazlal_generations, layout_basic, hell_entry,
          abyss_entry, corexii_leaking_fountain, nrook_mini_backslash
Zot:1:    layout_cellular_growth, grunt_ministairs_4
Zot:2:    layout_basic
Zot:3:    layout_cellular_growth, st_large_dragon_hoard_1, grunt_megastairs_2
Zot:4:    layout_gridlike, st_stairs_9, nicolae_zot_crop_circle
Zot:5:    layout_gridlike

Skill      XL: |  1  2  3  4  5  6  7  8  9 10 11 12 13 14 15 16 17 18 19 20 21 22 23 24 25 26 27 |
---------------+----------------------------------------------------------------------------------+-----
Fighting       | 4 5 7 8 10 12 13 14 15 16 17 18 19 21 | 21.4
Axes           | 5 6 7 8 11 13 14 | 14.7
Armour         | 3 4 6 7 8 9 11 12 14 15 16 17 18 19 23 | 23.1
Maces & Flails | 6 10 11 12 15 | 15.0
Evocations     | 4 6 7 8 9 10 12 14 | 14.9
Shields        | 6 13 15 16 17 18 19 22 25 | 25.0
Dodging        | 3 6 10 12 13 14 15 | 15.7
Slings         | 11 14 | 14.0
Throwing       | 8 13 | 13.7
Stealth        | 4 |  4.0

Action                   |  1- 3 |  4- 6 |  7- 9 | 10-12 | 13-15 | 16-18 | 19-21 | 22-24 | 25-27 || total
-------------------------+-------+-------+-------+-------+-------+-------+-------+-------+-------++-------
Melee: Hand axe          |    94 |   102 |       |   102 |   416 |       |       |       |       ||   714
       War axe           |       |    27 |    74 |       |       |       |       |       |       ||   101
       Whip              |       |       |   334 |   705 |   524 |       |       |       |       ||  1563
       Dire flail        |       |       |     4 |    10 |       |       |       |       |       ||    14
       Eveningstar       |       |       |       |     1 |   572 |   610 |    27 |    60 |   314 ||  1584
       Broad axe         |       |       |       |       |       |   794 |  1633 |  1064 |  2184 ||  5675
       Demon whip        |       |       |       |       |       |       |    78 |   320 |   174 ||   572
 Fire: Fustibalus        |       |       |       |       |       |       |    54 |   172 |   127 ||   353
Throw: Javelin           |       |       |       |       |     4 |     2 |     5 |    10 |    23 ||    44
Invok: Berserk           |       |     3 |     3 |     7 |    10 |    10 |     6 |     4 |     7 ||    50
       Trog's Hand       |       |     1 |       |     5 |     4 |    11 |     8 |    12 |    10 ||    51
       Brothers in Arms  |       |       |       |     2 |     2 |     5 |     4 |     6 |     6 ||    25
 Abil: Evoke Flight      |       |       |       |       |       |    22 |       |       |       ||    22
       Stop Flying       |       |       |       |       |       |     2 |       |       |       ||     2
       Evoke Blink       |       |       |       |       |       |       |       |       |     6 ||     6
Evoke: Wand              |       |       |     2 |     5 |     4 |       |     1 |       |     1 ||    13
       Condenser vane    |       |       |       |       |     2 |     1 |       |     2 |     1 ||     6
       Tin of tremorston |       |       |       |       |       |     1 |       |     2 |     1 ||     4
  Use: Scroll            |       |       |    17 |     7 |     9 |    12 |     8 |     6 |    22 ||    81
       Potion            |       |       |       |       |     3 |     8 |     1 |     5 |     4 ||    21
 Stab: Paralysed         |       |       |       |     1 |     3 |       |     1 |       |       ||     5
       Confused          |       |       |       |       |     2 |     1 |       |       |     2 ||     5
       Invisible         |       |       |       |       |       |     4 |       |       |       ||     4
       Distracted        |       |       |       |       |       |       |     1 |     2 |     3 ||     6
       Sleeping          |       |       |       |       |       |       |       |       |    13 ||    13
Armor: Ring mail         |    21 |       |       |       |       |       |       |       |       ||    21
       Chain mail        |     6 |    51 |    85 |       |   759 |   405 |       |   298 |   237 ||  1841
       Plate armour      |       |       |   124 |   385 |    23 |   268 |   217 |       |       ||  1017
       Storm dragon scal |       |       |       |       |       |       |   204 |    65 |   162 ||   431
       Shadow dragon sca |       |       |       |       |       |       |       |       |   280 ||   280
Dodge: Dodged            |    52 |    44 |   139 |   207 |   383 |   342 |   285 |   316 |   703 ||  2471
Block: Other             |       |       |    20 |       |       |       |       |       |       ||    20
       Buckler           |       |       |       |       |   109 |       |       |       |       ||   109
       Tower shield      |       |       |       |       |   305 |   352 |       |       |  1373 ||  2030
       Kite shield       |       |       |       |       |       |   688 |   777 |   690 |   757 ||  2912

Table legend: (Time is in decaauts)
 A = Elapsed time spent in this place.
 B = Non-inter-level travel time spent in this place.
 C = Inter-level travel time spent in this place.
 D = Time resting spent in this place.
 E = Time spent auto-exploring this place.
 F = Levels seen in this place.
 G = Mean time per level.
                   A        B        C        D        E       F      G
               +--------+--------+--------+--------+--------+-----+--------+
         Total |  83464 |  70191 |  13273 |   6539 |  48186 |  57 | 1464.3 |
       Dungeon |  19263 |  14879 |   4384 |    352 |  11598 |  15 | 1284.2 |
          Lair |   8049 |   6288 |   1761 |    286 |   4708 |   6 | 1341.5 |
         Swamp |   6179 |   5585 |    594 |   1255 |   3345 |   4 | 1544.8 |
     Snake Pit |   8896 |   8315 |    581 |   1123 |   5850 |   4 | 2224.0 |
    Slime Pits |   1488 |   1440 |     48 |    564 |     21 |   5 |  297.6 |
  Orcish Mines |   1959 |   1495 |    464 |    292 |    777 |   2 |  979.5 |
   Elven Halls |   4974 |   4704 |    270 |    362 |   3194 |   3 | 1658.0 |
        Vaults |  14435 |  12302 |   2133 |   1332 |   8475 |   5 | 2887.0 |
        Depths |  11251 |   8990 |   2261 |    739 |   6280 |   5 | 2250.2 |
           Zot |   5842 |   5069 |    773 |    163 |   3572 |   5 | 1168.4 |
        Bazaar |    120 |    120 |      0 |      0 |     38 |   1 |  120.0 |
       Volcano |    326 |    326 |      0 |     26 |      0 |   1 |  326.0 |
      Gauntlet |    676 |    676 |      0 |     40 |    326 |   1 |  676.0 |
               +--------+--------+--------+--------+--------+-----+--------+

Top non-repeatable levels by time:
Vaults:5: 3332 daAuts
Vaults:3: 3210 daAuts
 Snake:3: 3171 daAuts
Vaults:4: 3052 daAuts
Vaults:1: 2971 daAuts
Depths:3: 2787 daAuts
Depths:1: 2598 daAuts
 Snake:1: 2362 daAuts
Depths:5: 2284 daAuts
 Swamp:4: 2150 daAuts
   Elf:3: 1896 daAuts
Vaults:2: 1868 daAuts
Depths:4: 1799 daAuts
Depths:2: 1781 daAuts
  Lair:4: 1730 daAuts
